 Dungeon Sprint DCSS version 0.25.0-46-gbd7b0854d2 (webtiles) character file.

Game seed: 3740069674259158188

45658 MordorOrchid the Eclecticist (level 14, 0/121 HPs)
             Began as a Pale Draconian Venom Mage on July 17, 2020.
             Was the Champion of Sif Muna.
             Killed from afar by a storm dragon (22 damage)
             ... with a bolt of lightning
             ... in the Dungeon (Sprint IX: "|||||||||||||||||||||||||||||").
             The game lasted 00:38:09 (2720 turns).

MordorOrchid the Eclecticist (DrVM)                 Turns: 2720, Time: 00:38:10

Health: 0/121      AC: 14    Str: 14    XL:     14   Next: 1%
Magic:  5/38       EV: 21    Int: 21    God:    Sif Muna [******]
Gold:   31         SH:  0    Dex: 13    Spells: 7/53 levels left

rFire    . . .     SeeInvis .   x - staff of energy
rCold    . . .     Gourm    .   (no shield)
rNeg     . . .     Faith    .   (armour unavailable)
rPois    .         Spirit   .   (helmet restricted)
rElec    .         Reflect  .   A - +0 cloak
rCorr    .         Harm     .   M - +1 pair of gloves
MR       +....     NoTele   +   f - +1 pair of boots
Stlth    ++........             u - amulet of magic regeneration
HPRegen  0.30/turn              d - +3 ring of strength
MPRegen  0.51/turn              e - +2 ring of evasion

@: very slightly contaminated
A: breathe steam, unfitting armour, talons 1, clever 1, shaggy fur 1,
cold-blooded, AC +8
a: Breathe Steam, Channel Magic, Forget Spell, Divine Exegesis, Renounce
Religion


You were in the Dungeon.
You worshipped Sif Muna.
Sif Muna was exalted by your worship.
You were not hungry.

You visited 1 branch You collected 1921 gold pieces.
You spent 1890 gold pieces at shops.

Inventory:

Hand Weapons
 a - a +4 quarterstaff of speed
 c - the +2 scimitar "Orululi" {pain, Int+3 Dex+3}
   (You found it in the Dungeon)

   In the hands of one skilled in necromantic magic, it inflicts extra damage on
   living creatures.
   It affects your intelligence (+3).
   It affects your dexterity (+3).
 i - a +2 halberd of venom
 o - a +0 shortbow
 y - a +4 rapier of distortion
 H - a +1 scimitar of flaming
 L - a +1 longbow
Missiles
 r - 56 arrows
 N - 16 silver javelins (quivered)
 O - a throwing net
Armour
 f - a +1 pair of boots (worn)
 A - a +0 cloak (worn)
 B - a +0 pair of boots
 M - a +1 pair of gloves (worn)
Magical Staves
 x - an uncursed staff of energy (weapon)
Jewellery
 d - a +3 ring of strength (left hand)
 e - a +2 ring of evasion (right hand)
 u - an amulet of magic regeneration (around neck)
 I - an uncursed ring of see invisible
 J - an uncursed ring of protection from fire
 K - an uncursed ring of fire
Wands
 k - a wand of iceblast (9)
 D - a wand of acid (6)
 F - a wand of enslavement (10)
Scrolls
 h - 4 scrolls of blinking
 l - 5 scrolls of remove curse
 m - 2 scrolls of amnesia
 v - a scroll of fog
 w - 4 scrolls of identify
Potions
 g - 3 potions of berserk rage
 n - 2 potions of magic
 p - 4 potions of heal wounds
 q - 4 potions of curing
 s - 2 potions of haste
 t - 2 potions of might
 z - a potion of mutation
 C - 5 potions of brilliance
Miscellaneous
 E - a lightning rod (4/4)
 G - 2 boxes of beasts
Comestibles
 b - 13 rations


   Skills:
 - Level 10.1 Fighting
 - Level 12.0 Dodging
 - Level 1.7 Stealth
 - Level 20.0 Spellcasting
 * Level 15.8 Conjurations
 - Level 2.0 Charms
 - Level 10.0 Transmutations
 * Level 12.6 Fire Magic
 * Level 13.3 Ice Magic
 - Level 7.0 Air Magic
 - Level 5.3 Poison Magic
 - Level 5.0 Invocations
 - Level 6.0 Evocations


You had 7 spell levels left.
You knew the following spells:

 Your Spells              Type           Power        Failure   Level  Hunger
a - Sting                 Tmut/Pois      ####         1%          1    None
b - Olgreb's Toxic Radia  Pois           #####...     2%          4    None
d - Ignite Poison         Fire/Tmut/Pois ######..     1%          3    None
f - Lightning Bolt        Conj/Air       ######....   1%          5    None
g - Mephitic Cloud        Conj/Pois/Air  ######..     1%          3    None
l - Freezing Cloud        Conj/Ice/Air   ######....   2%          6    None
o - Ozocubu's Refrigerat  Ice            ######....   1%          6    None
p - Poisonous Vapours     Pois/Air       #####.       1%          2    None
r - Irradiate             Conj/Tmut      ######....   1%          5    None
y - Ozocubu's Armour      Chrm/Ice       ######..     1%          3    None
J - Fulminant Prism       Conj/Hex       ######....   1%          4    None
Y - Ice Form              Ice/Tmut       ######..     1%          4    None

Your spell library contained the following spells:

 Spells                   Type           Power        Failure   Level  Hunger
 Foxfire                  Conj/Fire      ####         0%          1    None
 Magic Dart               Conj           ####         0%          1    None
 Searing Ray              Conj           ######       0%          2    None
 Beastly Appendage        Tmut           ######       1%          1    None
 Shock                    Conj/Air       ####         1%          1    None
 Corpse Rot               Necr/Air       N/A          1%          2    None
 Song of Slaying          Chrm           ####....     1%          2    None
 Sticks to Snakes         Tmut           ######..     1%          2    None
 Swiftness                Chrm/Air       #####...     1%          2    None
 Conjure Flame            Conj/Fire      ######..     1%          3    None
 Dazzling Flash           Conj/Hex       ######       1%          3    None
 Spider Form              Tmut/Pois      ######....   1%          3    None
 Static Discharge         Conj/Air       ######..     1%          3    None
 Stone Arrow              Conj/Erth      ######       1%          3    None
 Hailstorm                Conj/Ice       ######..     1%          4    None
 Iskenderun's Mystic Bla  Conj/Tloc      ######..     1%          4    None
 Summon Ice Beast         Ice/Summ       #####...     1%          4    None
 Blade Hands              Tmut           ######....   1%          5    None
 Bolt of Magma            Conj/Fire/Erth ######....   1%          5    None
 Fireball                 Conj/Fire      ######....   1%          5    None
 Starburst                Conj/Fire      ######....   1%          6    None
 Summon Small Mammal      Summ           ###.         2%          1    None
 Shroud of Golubria       Chrm/Tloc      ####..       2%          2    None
 Alistair's Intoxication  Tmut/Pois      ######..     2%          5    None
 Call Imp                 Summ           ###.....     3%          2    None
 Sublimation of Blood     Necr           ###.......   3%          2    None
 Petrify                  Tmut/Erth      #####...     3%          4    None
 Orb of Destruction       Conj           ######....   3%          7    None
 Spectral Weapon          Hex/Chrm       ####....     4%          3    None
 Metabolic Englaciation   Hex/Ice        #####.....   4%          5    None
 Summon Lightning Spire   Summ/Air       #####...     5%          4    None
 Hydra Form               Tmut           ######....   6%          6    None
 Call Canine Familiar     Summ           ###.....     7%          3    None
 Confusing Touch          Hex            ###.....     7%          3    None
 Recall                   Summ/Tloc      N/A          7%          3    None
 Summon Guardian Golem    Hex/Summ       ###.....     7%          3    None
 Yara's Violent Unravell  Hex/Tmut       #####.....   9%          5    None
 Iron Shot                Conj/Erth      ######....   14%         6    None
 Eringya's Noxious Bog    Tmut/Pois      ######....   16%         6    None
 Simulacrum               Ice/Necr       #####.....   24%         6    None
 Dragon Form              Tmut           ######....   32%         7    None
 Excruciating Wounds      Chrm/Necr      ####......   38%         5    None
 Summon Forest            Summ/Tloc      ###.......   54%         5    None
 Spellforged Servitor     Conj/Summ      ######....   58%         7    None
 Invisibility             Hex            ###.....     98%         6    None
 Shadow Creatures         Summ           N/A          98%         6    None
 Haunt                    Necr/Summ      ###.......   100%        7    None
 Malign Gateway           Summ/Tloc      ###.......   100%        7    None
 Monstrous Menagerie      Summ           ###.......   100%        7    None
 Summon Hydra             Summ           ###.......   100%        7    None
 Ignition                 Fire           ######....   65%         8    None
 Lehudib's Crystal Spear  Conj/Erth      ######....   99%         8    None
 Necromutation            Tmut/Necr      #####.....   100%        8    None
 Summon Horrible Things   Summ           ###.......   100%        8    None
 Dragon's Call            Summ           ###.......   100%        9    None
 Fire Storm               Conj/Fire      ######....   100%        9    None
 Shatter                  Erth           ###.......   100%        9    None
 Tornado                  Air            ######....   100%        9    None


Dungeon Overview and Level Annotations

Branches:
Dungeon (1/1)

Altars:
Cheibriados
Dithmenos
Elyvilon
Fedhas
Gozag
Hepliaklqana
Kikubaaqudgha
Makhleb
Nemelex Xobeh
Okawaru
Qazlal
Ru
Sif Muna
Trog
Uskayaw
Vehumet
Wu Jian
Xom
Yredelemnul
Zin
The Shining One
Beogh
Jiyva
Lugonu

Shops:
D (}(!


Innate Abilities, Weirdness & Mutations

You can breathe blasts of scalding, opaque steam.
Your pale cyan-grey scales are hard. (AC +8)
You cannot fit into any form of body armour.
You are cold-blooded and may be slowed by cold attacks.
You have sharp toenails.
Your mind is acute. (Int +2)
You are covered in fur. (AC +1)


Message History

Casting: Mephitic Cloud (safe; 1% risk of failure)
Confirm with . or Enter, or press ? or * to list all spells.
You ignite the poison in your surroundings!
The storm dragon is engulfed in blazing flames.
Unknown command.
Casting: Ignite Poison (safe; 1% risk of failure)
Confirm with . or Enter, or press ? or * to list all spells.
You erupt in a fountain of uncontrolled magic!
The storm dragon is blasted with magical radiation!
The storm dragon is heavily wounded.
The storm dragon twists and deforms.
You are very lightly contaminated with residual magic.
The storm dragon is engulfed in blazing flames.
The storm dragon bites you!
* * * LOW HITPOINT WARNING * * *
The storm dragon barely misses you. The storm dragon misses you.
The storm dragon is engulfed in blazing flames.
The storm dragon breathes lightning at you.
The bolt of lightning hits you!!
You die...

▓▓▓▓▓▓▓▓▓▓▓▓▓▓▓▓▓▓▓▓▓▓▓▓▓
▓...........@D§.§§§§....D
▓.▓▓▓▓▓▓▓▓▓▓▓▓▓▓▓▓▓▓▓▓▓▓▓▓▓▓▓
▓............................
▓▓▓▓▓▓▓▓▓▓▓▓▓▓▓▓▓▓▓▓▓▓▓▓▓▓▓▓▓
▓...............'÷).))....'†.
▓.▓▓▓▓▓▓▓▓▓▓▓▓▓▓▓▓▓▓▓▓▓▓▓▓▓▓▓
▓............................
▓▓▓▓▓▓▓▓▓▓▓▓▓▓▓▓▓▓▓▓▓▓▓▓▓▓▓▓▓
▓.........'.."..)))))).).[[[[


You could see a storm dragon (catching breath, misshapen).

Vanquished Creatures
  Rupert (D)
  Agnes (D)
  2 stone giants (D)
  A dire elephant (D)
  2 ettins (D)
  A merfolk javelineer (D)
  2 ice dragons (D)
  4 hydras (D)
  A rakshasa (D)
  Erica (D)
  2 centaur warriors (D)
  A catoblepas (D)
  An alligator snapping turtle (D)
  A deep troll earth mage (D)
  An alligator (D)
  A deep troll shaman (D)
  A death yak (D)
  A satyr (D)
  9 orc high priests (D)
  Nergalle (D)
  2 spriggan druids (D)
  A naga ritualist (D)
  An unseen horror (D)
  8 orc knights (D)
  An ugly thing (D)
  An orb spider (D)
  A wolf spider (D)
  A guardian serpent (D)
  2 naga magi (D)
  3 black mambas (D)
  3 spiny frogs (D)
  7 elephants (D)
  A rime drake (D)
  A komodo dragon (D)
  3 demonic crawlers (D)
  3 jumping spiders (D)
  A tengu conjurer (D)
  3 merfolk (D)
  A wind drake (D)
  A hornet (D)
  3 bog bodies (D)
  2 hippogriffs (D)
  A snapping turtle (D)
  2 tarantellas (D)
  3 yaks (D)
  A wyvern (D)
  A yak (shapeshifter) (D)
  A human (shapeshifter) (D)
  2 nagas (D)
  A water moccasin (D)
  2 porcupines (D)
  A sky beast (D)
  11 orc warriors (D)
  A necrophage (D)
  A phantom (D)
  A centaur (D)
  An ogre (D)
  A crocodile (D)
  3 bullfrogs (D)
  2 orc priests (D)
  An iguana (D)
  5 orc wizards (D)
  2 worker ants (D)
  A shadow imp (D)
  A dart slug (D)
  A leopard gecko (D)
  8 orcs (D)
  A ball python (D)
  2 giant cockroaches (D)
  A frilled lizard (D)
  A rat (D)
145 creatures vanquished.

Vanquished Creatures (others)
  An ugly thing (D)
1 creature vanquished.

Grand Total: 146 creatures vanquished

Notes
Turn   | Place    | Note
-------+----------+-------------------------------------------
     0 | D        | MordorOrchid the Draconian Venom Mage began the quest for
                  | the Orb.
     0 | D        | Reached XP level 1. HP: 14/14 MP: 3/3
    13 | D        | Reached skill level 1 in Fighting
   114 | D        | Noticed a phantom
   114 | D        | Noticed a worker ant
   123 | D        | Reached XP level 2. HP: 24/24 MP: 0/5
   153 | D        | Reached skill level 3 in Spellcasting
   153 | D        | Reached XP level 3. HP: 29/29 MP: 1/8
   159 | D        | Learned a level 3 spell: Mephitic Cloud
   276 | D        | Found a roughly hewn altar of Beogh.
   276 | D        | Found a snail-covered altar of Cheibriados.
   276 | D        | Found a shadowy altar of Dithmenos.
   276 | D        | Found a white marble altar of Elyvilon.
   276 | D        | Found a blossoming altar of Fedhas.
   276 | D        | Found an opulent altar of Gozag.
   277 | D        | Found a hazy altar of Hepliaklqana.
   278 | D        | Found a viscous altar of Jiyva.
   279 | D        | Found an ancient bone altar of Kikubaaqudgha.
   280 | D        | Found a corrupted altar of Lugonu.
   281 | D        | Found a burning altar of Makhleb.
   282 | D        | Found a sparkling altar of Nemelex Xobeh.
   284 | D        | Found an iron altar of Okawaru.
   285 | D        | Found a stormy altar of Qazlal.
   286 | D        | Found a sacrificial altar of Ru.
   288 | D        | Found a shimmering blue altar of Sif Muna.
   289 | D        | Found a bloodstained altar of Trog.
   290 | D        | Found a hide-covered altar of Uskayaw.
   291 | D        | Found a radiant altar of Vehumet.
   292 | D        | Found an ornate altar of the Wu Jian Council.
   293 | D        | Found a shimmering altar of Xom.
   294 | D        | Found a basalt altar of Yredelemnul.
   295 | D        | Found a glowing silver altar of Zin.
   296 | D        | Became a worshipper of Sif Muna the Loreminder
   298 | D        | Found a glowing golden altar of the Shining One.
   314 | D        | Got the +2 scimitar "Orululi" {pain, Int+3 Dex+3}
   354 | D        | Killed a phantom
   354 | D        | Reached skill level 5 in Spellcasting
   354 | D        | Reached skill level 5 in Transmutations
   354 | D        | Reached XP level 4. HP: 32/36 MP: 9/11
   386 | D        | Learned a level 3 spell: Ignite Poison
   391 | D        | Learned a level 4 spell: Olgreb's Toxic Radiance
   394 | D        | Learned a level 2 spell: Poisonous Vapours
   396 | D        | Noticed a bullfrog
   396 | D        | Noticed a yak
   396 | D        | Noticed an orc warrior
   396 | D        | Noticed an ogre
   404 | D        | Killed a bullfrog
   404 | D        | Reached skill level 5 in Dodging
   404 | D        | Reached skill level 1 in Conjurations
   404 | D        | Reached skill level 1 in Air Magic
   404 | D        | Reached skill level 1 in Evocations
   404 | D        | Reached XP level 5. HP: 31/41 MP: 13/13
   407 | D        | Killed a yak
   407 | D        | Reached * piety under Sif Muna
   407 | D        | Reached skill level 6 in Spellcasting
   407 | D        | Reached XP level 6. HP: 37/48 MP: 13/15
   410 | D        | Killed an orc warrior
   410 | D        | Reached skill level 7 in Spellcasting
   410 | D        | Reached skill level 5 in Poison Magic
   420 | D        | Reached ** piety under Sif Muna
   420 | D        | Your scales start taking on a pale cyan-grey colour.
   420 | D        | Reached XP level 7. HP: 45/55 MP: 9/17
   472 | D        | Noticed a cyan ugly thing
   472 | D        | Noticed a centaur warrior
   478 | D        | Reached skill level 5 in Air Magic
   478 | D        | Reached skill level 1 in Invocations
   478 | D        | Reached skill level 5 in Evocations
   480 | D        | Killed a centaur warrior
   480 | D        | Reached *** piety under Sif Muna
   480 | D        | Reached skill level 9 in Spellcasting
   480 | D        | Reached XP level 8. HP: 38/67 MP: 11/21
   482 | D        | Banished a green ugly thing
   482 | D        | Reached skill level 5 in Fighting
   482 | D        | Reached skill level 5 in Invocations
   622 | D        | Noticed a rime drake
   622 | D        | Noticed a komodo dragon
   625 | D        | Noticed a five-headed hydra
   626 | D        | Killed a rime drake
   626 | D        | Reached skill level 1 in Fire Magic
   626 | D        | Reached XP level 9. HP: 65/75 MP: 12/22
   627 | D        | Killed a komodo dragon
   627 | D        | Reached **** piety under Sif Muna
   629 | D        | Reached skill level 10 in Spellcasting
   636 | D        | Killed a five-headed hydra
   642 | D        | Reached ***** piety under Sif Muna
   646 | D        | Noticed a spiny frog
   658 | D        | Gained mutation: You are frail. (-10% HP) [mutagenic glow]
   660 | D        | Killed a spiny frog
   660 | D        | Reached skill level 11 in Spellcasting
   660 | D        | Reached skill level 5 in Fire Magic
   681 | D        | Noticed a four-headed hydra
   681 | D        | Noticed a spiny frog
   693 | D        | Killed a spiny frog
   693 | D        | Reached XP level 10. HP: 39/79 MP: 11/25
   693 | D        | Killed a four-headed hydra
   693 | D        | Identified Zadayperu's Tome of Malediction and Enhancements
                  | (Sif Muna gifted it to you in the Dungeon)
   693 | D        | Received a gift from Sif Muna
   712 | D        | Noticed a death yak
   715 | D        | Noticed a spiny frog
   715 | D        | Gained mutation: Scrolls take you a little longer to read.
                  | [mutagenic glow]
   722 | D        | Killed a spiny frog
   722 | D        | Reached skill level 12 in Spellcasting
   728 | D        | Killed a death yak
   782 | D        | Learned a level 3 spell: Ozocubu's Armour
   871 | D        | Lost mutation: Scrolls take you a little longer to read.
                  | [potion of mutation]
   871 | D        | Lost mutation: You are frail. (-10% HP) [potion of
                  | mutation]
   871 | D        | Gained mutation: You have sharp toenails. [potion of
                  | mutation]
   871 | D        | Gained mutation: You are covered in fur. (AC +1) [potion of
                  | mutation]
   871 | D        | Gained mutation: Your mind is acute. (Int +2) [potion of
                  | mutation]
   907 | D        | Noticed an elephant
   907 | D        | Noticed an elephant
   907 | D        | Noticed an elephant
   907 | D        | Noticed a dire elephant
   907 | D        | Noticed an elephant
   907 | D        | Noticed an elephant
   912 | D        | Killed an elephant
   912 | D        | Received a gift from Sif Muna
   912 | D        | Reached skill level 1 in Ice Magic
   917 | D        | Killed an elephant
   917 | D        | Reached skill level 10 in Dodging
   917 | D        | Reached skill level 1 in Charms
   930 | D        | Killed an elephant
   931 | D        | Killed an elephant
   938 | D        | Killed a dire elephant
   938 | D        | Reached skill level 10 in Conjurations
   938 | D        | Reached XP level 11. HP: 16/97 MP: 13/27
   989 | D        | Received a gift from Sif Muna
   989 | D        | Reached skill level 13 in Spellcasting
   997 | D        | Learned a level 5 spell: Irradiate
  1002 | D        | Learned a level 4 spell: Fulminant Prism
  1253 | D        | Noticed an orc knight
  1261 | D        | Killed an orc knight
  1261 | D        | Reached skill level 10 in Fighting
  1265 | D        | Identified Sif Muna's Volume of the Noxious Frostbite (Sif
                  | Muna gifted it to you in the Dungeon)
  1265 | D        | Received a gift from Sif Muna
  1283 | D        | Noticed an orc knight
  1292 | D        | Killed an orc knight
  1319 | D        | Learned a level 6 spell: Freezing Cloud
  1323 | D        | Noticed an orc knight
  1326 | D        | Killed an orc knight
  1326 | D        | Identified Ochup's Volume of Destructive Enchantment (Sif
                  | Muna gifted it to you in the Dungeon)
  1326 | D        | Received a gift from Sif Muna
  1326 | D        | Reached ****** piety under Sif Muna
  1334 | D        | Learned a level 5 spell: Lightning Bolt
  1337 | D        | Noticed an orc knight
  1338 | D        | Reached skill level 5 in Ice Magic
  1343 | D        | Killed an orc knight
  1376 | D        | Found Wukaxoac's Weapon Emporium.
  1376 | D        | Noticed an orc high priest
  1376 | D        | Noticed an orc high priest
  1376 | D        | Noticed an orc high priest
  1376 | D        | Noticed an orc knight
  1376 | D        | Noticed an orc knight
  1377 | D        | Noticed an orc high priest
  1380 | D        | Killed an orc high priest
  1380 | D        | Received a gift from Sif Muna
  1380 | D        | Killed an orc knight
  1380 | D        | Reached skill level 14 in Spellcasting
  1380 | D        | Reached skill level 10 in Fire Magic
  1381 | D        | Killed an orc high priest
  1382 | D        | Killed an orc high priest
  1382 | D        | Killed an orc high priest
  1382 | D        | Reached skill level 10 in Transmutations
  1383 | D        | Noticed an orc knight
  1385 | D        | Killed an orc knight
  1385 | D        | Reached XP level 12. HP: 73/106 MP: 3/30
  1406 | D        | Noticed an orc high priest
  1408 | D        | Reached skill level 15 in Spellcasting
  1411 | D        | Killed an orc high priest
  1411 | D        | Received a gift from Sif Muna
  1423 | D        | Found Xaovikk's Gadget Shoppe.
  1429 | D        | Found Baomepuwo's Antique Weapon Emporium.
  1433 | D        | Found Neleq's Distillery.
  1436 | D        | Noticed an orc high priest
  1437 | D        | Noticed an orc high priest
  1438 | D        | Noticed an orc high priest
  1439 | D        | Noticed an orc high priest
  1444 | D        | Killed an orc high priest
  1445 | D        | Killed an orc high priest
  1445 | D        | Killed an orc high priest
  1446 | D        | Killed an orc high priest
  1454 | D        | Bought a potion of degeneration for 14 gold pieces
  1473 | D        | Bought a potion of curing for 42 gold pieces
  1473 | D        | Bought a potion of haste for 140 gold pieces
  1473 | D        | Bought a potion of brilliance for 56 gold pieces
  1477 | D        | Bought a wand of acid (6) for 280 gold pieces
  1477 | D        | Bought a lightning rod (4/4) for 560 gold pieces
  1477 | D        | Bought a wand of enslavement (10) for 168 gold pieces
  1477 | D        | Bought a box of beasts for 280 gold pieces
  1477 | D        | Bought a box of beasts for 280 gold pieces
  1481 | D        | Bought a potion of berserk rage for 70 gold pieces
  1540 | D        | Noticed Erica
  1545 | D        | Killed Erica
  1545 | D        | Reached skill level 16 in Spellcasting
  1664 | D        | Noticed a catoblepas
  1668 | D        | Identified Sif Muna's Catalogue of Assistive Conjuration
                  | (Sif Muna gifted it to you in the Dungeon)
  1668 | D        | Received a gift from Sif Muna
  1693 | D        | Killed a catoblepas
  1696 | D        | Noticed an ice dragon
  1697 | D        | Noticed a deep troll earth mage
  1698 | D        | Noticed an ettin
  1704 | D        | Killed an ice dragon
  1704 | D        | Identified Jautiuph's Almanac of the Ensnaring Compass (Sif
                  | Muna gifted it to you in the Dungeon)
  1704 | D        | Received a gift from Sif Muna
  1704 | D        | Killed an ettin
  1704 | D        | Reached skill level 17 in Spellcasting
  1707 | D        | Noticed an ettin
  1709 | D        | Killed a deep troll earth mage
  1722 | D        | Killed an ettin
  1755 | D        | Noticed a deep troll shaman
  1769 | D        | Killed a deep troll shaman
  1802 | D        | Noticed Nergalle
  1808 | D        | Killed Nergalle
  1899 | D        | Noticed an alligator snapping turtle
  1899 | D        | Noticed a satyr
  1902 | D        | Reached skill level 10 in Ice Magic
  1902 | D        | Identified Sif Muna's Guide on Talismans and Shape Shifting
                  | (Sif Muna gifted it to you in the Dungeon)
  1902 | D        | Received a gift from Sif Muna
  1902 | D        | Reached XP level 13. HP: 95/113 MP: 19/34
  1903 | D        | Noticed a merfolk javelineer
  1904 | D        | Reached skill level 18 in Spellcasting
  1908 | D        | Killed a merfolk javelineer
  2102 | D        | Learned a level 6 spell: Ozocubu's Refrigeration
  2107 | D        | Learned a level 4 spell: Ice Form
  2113 | D        | Identified Sif Muna's Reference Book on the Entourage (Sif
                  | Muna gifted it to you in the Dungeon)
  2113 | D        | Received a gift from Sif Muna
  2155 | D        | Identified Sif Muna's Compendium of Flamy Transmigration
                  | (Sif Muna gifted it to you in the Dungeon)
  2155 | D        | Received a gift from Sif Muna
  2163 | D        | Reached skill level 19 in Spellcasting
  2164 | D        | Identified Sif Muna's Compendium of Combat Magic (Sif Muna
                  | gifted it to you in the Dungeon)
  2164 | D        | Received a gift from Sif Muna
  2206 | D        | Identified Kinkupnu's Collected Works on the Assistive
                  | Entourage (Sif Muna gifted it to you in the Dungeon)
  2206 | D        | Received a gift from Sif Muna
  2265 | D        | Noticed Agnes
  2272 | D        | Killed Agnes
  2300 | D        | Reached skill level 15 in Conjurations
  2310 | D        | Noticed Rupert
  2326 | D        | Killed Rupert
  2702 | D        | Noticed a stone giant
  2702 | D        | Noticed a stone giant
  2702 | D        | Noticed a storm dragon
  2706 | D        | Killed a stone giant
  2707 | D        | Reached skill level 20 in Spellcasting
  2707 | D        | Received a gift from Sif Muna
  2707 | D        | Killed a stone giant
  2715 | D        | Reached XP level 14. HP: 60/121 MP: 10/38
  2720 | D        | Killed from afar by a storm dragon

Illustrated notes

Levels and vault maps discovered:
D:        linesprint [early_d, line_temple, items_1, d_10, items_2, lair_1,
          lair_end, items_3, orc_1, orc_end, items_4, d_15, swamp_1, shoals_1,
          snake_1, spider_1, d_20, vaults_1, items_5, swamp_end, shoals_end,
          snake_end, spider_end, vaults_end, d_27, items_6, zot_1, zot_end,
          crypt_end, forest_end, elf_end, slime_end, tomb_end, abyss_end,
          pan_hell_end]

Skill      XL: |  1  2  3  4  5  6  7  8  9 10 11 12 13 |
---------------+----------------------------------------+-----
Dodging        | 2 3 4 5 6 7 8 9 10 11 12 | 12.0
Fighting       | 2 4 5 7 9 10 | 10.1
Transmutations | 2 3 5 6 7 9 10 | 10.0
Spellcasting   | 3 5 6 7 9 11 12 14 17 20 | 20.0
Conjurations   | 1 3 4 6 8 10 11 13 15 | 15.8
Air Magic      | 1 3 4 6 7 |  7.0
Evocations     | 1 3 4 6 |  6.0
Poison Magic   | 4 5 |  5.3
Invocations    | 4 5 |  5.0
Fire Magic     | 1 5 8 10 12 | 12.6
Ice Magic      | 3 6 10 13 | 13.3
Charms         | 2 |  2.0
Stealth        | |  1.7

Action                   |  1- 3 |  4- 6 |  7- 9 | 10-12 | 13-15 || total
-------------------------+-------+-------+-------+-------+-------++-------
Melee: Unarmed           |    30 |       |       |       |       ||    30
       Quarterstaff      |    20 |       |    11 |       |       ||    31
       Tailslap          |     3 |     3 |     1 |     1 |       ||     8
       Rapier            |       |    16 |     6 |       |       ||    22
       Staff             |       |       |     2 |     1 |       ||     3
 Cast: Sting             |    26 |       |       |     7 |     6 ||    39
       Mephitic Cloud    |       |     2 |    10 |    29 |     9 ||    50
       Olgreb's Toxic Ra |       |       |     3 |    24 |     5 ||    32
       Ignite Poison     |       |       |     7 |    46 |    10 ||    63
       Ozocubu's Armour  |       |       |       |     1 |       ||     1
       Poisonous Vapours |       |       |       |     7 |       ||     7
       Lightning Bolt    |       |       |       |    14 |    32 ||    46
       Freezing Cloud    |       |       |       |     5 |     7 ||    12
       Ozocubu's Refrige |       |       |       |       |     6 ||     6
       Ice Form          |       |       |       |       |     2 ||     2
       Irradiate         |       |       |       |       |     1 ||     1
Invok: Channel Magic     |       |       |     1 |     9 |     8 ||    18
 Abil: Breathe Steam     |       |       |     3 |     9 |       ||    12
Evoke: Wand              |       |       |     1 |       |       ||     1
       Staff of energy   |       |       |     2 |     9 |       ||    11
  Use: Potion            |     5 |     1 |     2 |     2 |       ||    10
       Scroll            |       |       |     3 |       |     1 ||     4
 Stab: Invisible         |       |     3 |       |       |       ||     3
  Eat: Chunk             |       |       |     1 |     8 |     6 ||    15
Armor: Skin              |    14 |       |     5 |     5 |     9 ||    33
Dodge: Dodged            |    33 |    11 |    17 |    34 |    37 ||   132
